NCAA
MICHIGAN STATE SPARTANS @ UCLA BRUINS
04/04/2027
 
TOP OF THE 1ST
Michigan State Spartans batting - Pitching for UCLA Bruins : RHP Willie Frazier
Pitching: RHP Willie Frazier
Batting: RHB Spike Walters 0-0: Fly out, F9 (Flyball, 9S)
Batting: SHB Joe Emery 0-0: Ball
1-0: Ball
2-0: Ball
3-0: Called Strike
3-1: Base on Balls
Batting: LHB Cliff Mills 0-0: Ball
1-0: Fly out, F8 (Flyball, 8RD)
Batting: RHB Ryan Nelson 0-0: SINGLE (Groundball, 4D)
Joe Emery to second
Runner from 2nd tries for 3rd, SAFE, throw made to third
Batting: LHB Gabriel Estrada 0-0: Called Strike
0-1: Fly out, F8 (Flyball, 8RS)
Top of the 1st over - 0 run(s), 1 hit(s), 0 error(s), 2 left on base; Michigan State 0 - UCLA 0
BOTTOM OF THE 1ST
UCLA Bruins batting - Pitching for Michigan State Spartans : LHP Martín Sandoval
Pitching: LHP Martín Sandoval
Batting: RHB Kent Bannatyne 0-0: Ball
1-0: Foul Ball, location: 2F
1-1: Ball
2-1: Called Strike
2-2: Foul Ball, location: 2F
2-2: Ball
3-2: Base on Balls
Batting: LHB Tim Griffith 0-0: Ball
1-0: Ball
2-0: Swinging Strike
2-1: SINGLE (Groundball, 2L) (infield hit)
Kent Bannatyne to second
Batting: RHB José Cisneros 0-0: Ball
1-0: Ball
Wild Pitch!
Kent Bannatyne to third
Tim Griffith to second
2-0: Called Strike
2-1: Fly out, F8 (Flyball, 8RXD)
Runner from 3rd tags up, SCORES, no throw
Tim Griffith to third
Batting: RHB Kevin Cochrane 0-0: Ball
1-0: Ground out 5-3 (Groundball, 5)
Batting: RHB Joel Hebert 0-0: Ball
1-0: Foul Ball, location: 2F
1-1: Ball
2-1: Ball
3-1: Base on Balls
Batting: LHB Manny Kennedy 0-0: Called Strike
0-1: Ball
1-1: Foul Ball, location: 2F
1-2: Strikes out looking
Bottom of the 1st over - 1 run(s), 1 hit(s), 0 error(s), 2 left on base; Michigan State 0 - UCLA 1
TOP OF THE 2ND
Michigan State Spartans batting - Pitching for UCLA Bruins : RHP Willie Frazier
Batting: RHB Ryan Fullerton 0-0: Ball
1-0: Swinging Strike
1-1: Ball
2-1: Ball
3-1: Base on Balls
Batting: LHB Aaron Aguirre 0-0: Called Strike
0-1: Ball
1-1: Ball
2-1: Ball
3-1: Base on Balls
Ryan Fullerton to second
Batting: RHB Scott Juárez 0-0: Ball
1-0: Ball
2-0: Ground out 5-3 (Groundball, 56S)
Ryan Fullerton to third
Aaron Aguirre to second
Batting: LHB Steve Arnold 0-0: Foul Ball, location: 2F
0-1: Called Strike
0-2: Strikes out swinging
Batting: RHB Spike Walters 0-0: Ball
1-0: Ball
2-0: Fly out, F3 (Line Drive, 34)
Top of the 2nd over - 0 run(s), 0 hit(s), 0 error(s), 2 left on base; Michigan State 0 - UCLA 1
BOTTOM OF THE 2ND
UCLA Bruins batting - Pitching for Michigan State Spartans : LHP Martín Sandoval
Batting: RHB Chad Walter 0-0: Called Strike
0-1: Fly out, F8 (Flyball, 8RM)
Batting: RHB Larry Hernández 0-0: Ground out 6-3 (Groundball, 6)
Batting: LHB Edward Norton 0-0: Ground out 6-3 (Groundball, 6S)
Bottom of the 2nd over - 0 run(s), 0 hit(s), 0 error(s), 0 left on base; Michigan State 0 - UCLA 1
TOP OF THE 3RD
Michigan State Spartans batting - Pitching for UCLA Bruins : RHP Willie Frazier
Batting: SHB Joe Emery 0-0: Ball
1-0: Called Strike
1-1: Swinging Strike
1-2: Foul Ball, location: 2F
1-2: Foul Ball, location: 2F
1-2: Strikes out swinging
Batting: LHB Cliff Mills 0-0: Called Strike
0-1: Ball
1-1: Called Strike
1-2: Strikes out looking
Batting: RHB Ryan Nelson 0-0: Foul Ball, location: 2F
0-1: Swinging Strike
0-2: Ball
1-2: Strikes out swinging
Top of the 3rd over - 0 run(s), 0 hit(s), 0 error(s), 0 left on base; Michigan State 0 - UCLA 1
BOTTOM OF THE 3RD
UCLA Bruins batting - Pitching for Michigan State Spartans : LHP Martín Sandoval
Batting: RHB Kent Bannatyne 0-0: Ball
1-0: Ball
2-0: Fly out, F7 (Flyball, 7S)
Batting: LHB Tim Griffith 0-0: Fly out, F7 (Flyball, 78S)
Batting: RHB José Cisneros 0-0: SINGLE (Flyball, 9LM)
Batting: RHB Kevin Cochrane 0-0: Foul Ball, location: 2F
0-1: Fly out, F6 (Popup, 56D)
Bottom of the 3rd over - 0 run(s), 1 hit(s), 0 error(s), 1 left on base; Michigan State 0 - UCLA 1
TOP OF THE 4TH
Michigan State Spartans batting - Pitching for UCLA Bruins : RHP Willie Frazier
Batting: LHB Gabriel Estrada 0-0: Ball
1-0: Ball
2-0: Called Strike
2-1: Ball
3-1: Foul Ball, location: 2F
3-2: Base on Balls
Batting: RHB Ryan Fullerton 0-0: Ball
1-0: Foul Ball, location: 2F
1-1: Ball
2-1: Foul Ball, location: 2F
2-2: Foul Ball, location: 2F
2-2: Ball
3-2: Foul Ball, location: 2F
3-2: Base on Balls
Gabriel Estrada to second
Batting: LHB Aaron Aguirre 0-0: Foul Ball, location: 2F
0-1: Foul Ball, location: 2F
0-2: Ball
1-2: SINGLE (Line Drive, 6D)
Gabriel Estrada to third
Ryan Fullerton to second
Runner from 3rd tries for Home, throw and OUT!
Batting: RHB Scott Juárez 0-0: Ball
1-0: Ball
2-0: Foul Ball, location: 2F
2-1: Fly out, F5 (Popup, 5L)
Batting: LHB Steve Arnold 0-0: Ball
1-0: Called Strike
1-1: Foul Ball, location: 2F
1-2: Foul Ball, location: 2F
1-2: Ground out U3 (Groundball, 34)
Top of the 4th over - 0 run(s), 1 hit(s), 0 error(s), 2 left on base; Michigan State 0 - UCLA 1
BOTTOM OF THE 4TH
UCLA Bruins batting - Pitching for Michigan State Spartans : LHP Martín Sandoval
Batting: RHB Joel Hebert 0-0: Called Strike
0-1: Foul Ball, location: 2F
0-2: Strikes out swinging
Batting: LHB Manny Kennedy 0-0: Ball
1-0: Ball
2-0: Foul Ball, location: 2F
2-1: Hit by Pitch
Batting: RHB Chad Walter 0-0: Ball
1-0: Called Strike
1-1: Swinging Strike
1-2: Ball
2-2: Foul Ball, location: 2F
2-2: Strikes out swinging
Batting: RHB Larry Hernández 0-0: Ball
1-0: Fielders Choice at 2nd, 6-4 (Groundball, 6)
Bottom of the 4th over - 0 run(s), 0 hit(s), 0 error(s), 0 left on base; Michigan State 0 - UCLA 1
TOP OF THE 5TH
Michigan State Spartans batting - Pitching for UCLA Bruins : RHP Willie Frazier
Batting: RHB Spike Walters 0-0: Ball
1-0: Called Strike
1-1: Called Strike
1-2: SINGLE (Groundball, 6MD)
Batting: SHB Joe Emery 0-0: Called Strike
0-1: Called Strike
0-2: Strikes out looking
Batting: LHB Cliff Mills 0-0: Ball
1-0: Swinging Strike
1-1: Called Strike
1-2: Ball
2-2: Ball
3-2: Fly out, F9 (Flyball, 9)
Pitching: RHP Eugene Johnston
Batting: RHB Ryan Nelson 0-0: Called Strike
0-1: SINGLE (Line Drive, 9LS)
Spike Walters to second
Throwing error, E9
Spike Walters scores
Ryan Nelson to second
Batting: LHB Gabriel Estrada 0-0: Ball
1-0: Ball
2-0: Ball
3-0: Base on Balls
Batting: RHB Ryan Fullerton 0-0: Called Strike
0-1: Ball
1-1: Ball
2-1: Ball
3-1: Base on Balls
Ryan Nelson to third
Gabriel Estrada to second
Batting: LHB Aaron Aguirre 0-0: Called Strike
0-1: Swinging Strike
0-2: Ball
1-2: Foul Ball, location: 2F
1-2: Ball
2-2: Hit by Pitch
Ryan Nelson scores
Gabriel Estrada to third
Ryan Fullerton to second
Batting: RHB Scott Juárez 0-0: Foul Ball, location: 2F
0-1: Swinging Strike
0-2: Foul Ball, location: 2F
0-2: Ball
1-2: SINGLE (Flyball, 89S)
Gabriel Estrada scores
Ryan Fullerton to third
Aaron Aguirre to second
Runner from 3rd tries for Home, SAFE, throw made home
Aaron Aguirre to third
Scott Juárez to second
Pitching: RHP Everett Stewart
Batting: LHB Steve Arnold 0-0: Ground out 4-3 (Groundball, 4S)
Top of the 5th over - 4 run(s), 3 hit(s), 1 error(s), 2 left on base; Michigan State 4 - UCLA 1
BOTTOM OF THE 5TH
UCLA Bruins batting - Pitching for Michigan State Spartans : LHP Martín Sandoval
Batting: LHB Edward Norton 0-0: Called Strike
0-1: Swinging Strike
0-2: Ball
1-2: Strikes out swinging
Batting: RHB Kent Bannatyne 0-0: Swinging Strike
0-1: Ball
1-1: Foul Ball, location: 2F
1-2: Strikes out swinging
Batting: LHB Tim Griffith 0-0: Ball
1-0: Called Strike
1-1: Ball
2-1: Foul Ball, location: 2F
2-2: SINGLE (Line Drive, 78M)
Batting: RHB José Cisneros 0-0: Called Strike
0-1: Ball
Tim Griffith steals 2nd base
1-1: Ball
2-1: Ball
3-1: Ground out 4-3 (Groundball, 4M)
Bottom of the 5th over - 0 run(s), 1 hit(s), 0 error(s), 1 left on base; Michigan State 4 - UCLA 1
TOP OF THE 6TH
Michigan State Spartans batting - Pitching for UCLA Bruins : RHP Everett Stewart
Batting: RHB Spike Walters 0-0: Ball
1-0: Called Strike
1-1: Foul Ball, location: 2F
1-2: Ball
2-2: Strikes out swinging, 2-3 out at first.
Batting: SHB Joe Emery 0-0: Ball
1-0: Called Strike
1-1: Called Strike
1-2: Strikes out looking
Batting: LHB Cliff Mills 0-0: Ball
1-0: Called Strike
1-1: Called Strike
1-2: Ball
2-2: Strikes out looking
Top of the 6th over - 0 run(s), 0 hit(s), 0 error(s), 0 left on base; Michigan State 4 - UCLA 1
BOTTOM OF THE 6TH
UCLA Bruins batting - Pitching for Michigan State Spartans : LHP Martín Sandoval
Batting: RHB Kevin Cochrane 0-0: Called Strike
0-1: Ground out 5-3 (Groundball, 56)
Batting: RHB Joel Hebert 0-0: Ball
1-0: Ball
2-0: Called Strike
2-1: Ball
3-1: Base on Balls
Batting: LHB Manny Kennedy 0-0: Hit by Pitch
Joel Hebert to second
Batting: RHB Chad Walter 0-0: Ball
1-0: Ball
2-0: Foul Ball, location: 2F
2-1: Ball
3-1: Called Strike
3-2: Foul Ball, location: 2F
3-2: Fielders Choice at 2nd, 3-6 (Groundball, 3)
Joel Hebert to third
Pitching: RHP Nathaniel Reynolds
Batting: RHB Larry Hernández 0-0: Ball
1-0: Foul Ball, location: 2F
1-1: Ball
2-1: Foul Ball, location: 2F
2-2: Foul Ball, location: 2F
2-2: Foul Ball, location: 2F
2-2: Strikes out swinging
Bottom of the 6th over - 0 run(s), 0 hit(s), 0 error(s), 2 left on base; Michigan State 4 - UCLA 1
TOP OF THE 7TH
Michigan State Spartans batting - Pitching for UCLA Bruins : RHP Everett Stewart
Batting: RHB Ryan Nelson 0-0: Ball
1-0: Ball
2-0: Ball
3-0: Called Strike
3-1: Called Strike
3-2: Foul Ball, location: 2F
3-2: Fly out, F9 (Flyball, 9S)
Batting: LHB Gabriel Estrada 0-0: Ball
1-0: Swinging Strike
1-1: Called Strike
1-2: Strikes out looking
Batting: RHB Ryan Fullerton 0-0: Ball
1-0: Ball
2-0: Ball
3-0: Base on Balls
Batting: LHB Aaron Aguirre 0-0: Ball
1-0: Ball
2-0: Called Strike
2-1: Swinging Strike
2-2: Ball
3-2: Strikes out looking
Top of the 7th over - 0 run(s), 0 hit(s), 0 error(s), 1 left on base; Michigan State 4 - UCLA 1
BOTTOM OF THE 7TH
UCLA Bruins batting - Pitching for Michigan State Spartans : RHP Nathaniel Reynolds
Batting: LHB Edward Norton 0-0: Ball
1-0: Ball
2-0: Foul Ball, location: 2F
2-1: Foul Ball, location: 2F
2-2: Foul Ball, location: 2F
2-2: Ball
3-2: Foul Ball, location: 2F
3-2: Base on Balls
Batting: RHB Kent Bannatyne 0-0: Ball
1-0: Foul Ball, location: 2F
1-1: Ball
2-1: Foul Ball, location: 2F
2-2: Foul Ball, location: 2F
2-2: Strikes out swinging
Batting: LHB Tim Griffith 0-0: Ball
1-0: Ball
2-0: Called Strike
2-1: Foul Ball, location: 2F
2-2: 2-RUN HOME RUN (Flyball, 78XD), Distance : 381 ft
Pitching: RHP Darren Payne
Batting: RHB José Cisneros 0-0: Called Strike
0-1: Foul Ball, location: 2F
0-2: Ball
1-2: Ball
2-2: Foul Ball, location: 2F
2-2: Ball
3-2: Ground out 5-3 (Groundball, 5S)
Batting: RHB Kevin Cochrane 0-0: Called Strike
0-1: Ground out 6-3 (Groundball, 6)
Bottom of the 7th over - 2 run(s), 1 hit(s), 0 error(s), 0 left on base; Michigan State 4 - UCLA 3
TOP OF THE 8TH
Michigan State Spartans batting - Pitching for UCLA Bruins : RHP Everett Stewart
Batting: RHB Scott Juárez 0-0: Fly out, F9 (Flyball, 9S)
Batting: LHB Steve Arnold 0-0: Ball
1-0: Swinging Strike
1-1: Foul Ball, location: 2F
1-2: Strikes out swinging
Batting: RHB Spike Walters 0-0: Ball
1-0: Foul Ball, location: 2F
1-1: Ball
2-1: Ball
3-1: SINGLE (Line Drive, 8RS)
Batting: SHB Joe Emery 0-0: Called Strike
0-1: Foul Ball, location: 2F
0-2: Foul Ball, location: 2F
0-2: Ball
1-2: SINGLE (Groundball, 34) (infield hit)
Spike Walters to second
Batting: LHB Cliff Mills 0-0: Called Strike
0-1: Called Strike
0-2: Ball
1-2: Foul Ball, location: 2F
1-2: Ball
2-2: Strikes out looking
Top of the 8th over - 0 run(s), 2 hit(s), 0 error(s), 2 left on base; Michigan State 4 - UCLA 3
BOTTOM OF THE 8TH
UCLA Bruins batting - Pitching for Michigan State Spartans : RHP Darren Payne
Pitching: RHP Adrian Cooper
Now at 2B: Nelson Wright
Batting: RHB Joel Hebert 0-0: Ball
1-0: Ball
2-0: Called Strike
2-1: SINGLE (Groundball, 6MD)
Pitching: LHP Chris Bishop
Pinch Hitting: RHB John Pineau 0-0: Ball
1-0: Foul Ball, location: 2F
1-1: Called Strike
1-2: Ball
2-2: Strikes out swinging
Pitching: RHP Dan Clark
Pinch Hitting: RHB Ricardo Murillo 0-0: Called Strike
0-1: Called Strike
0-2: Ball
1-2: Reached on error, E6 (Groundball, 6)
Joel Hebert to second
Batting: RHB Larry Hernández 0-0: Ball
1-0: Called Strike
1-1: Called Strike
1-2: Ball
2-2: Strikes out swinging
Pitching: LHP Carlos Martínez
Batting: LHB Edward Norton 0-0: Ball
1-0: Fly out, F9 (Flyball, 89M)
Bottom of the 8th over - 0 run(s), 1 hit(s), 1 error(s), 2 left on base; Michigan State 4 - UCLA 3
TOP OF THE 9TH
Michigan State Spartans batting - Pitching for UCLA Bruins : RHP Everett Stewart
Pitching: RHP Steve Webb
Now at 1B: Tommy Dawson
Now at SS: Ricardo Murillo
Batting: RHB Ryan Nelson 0-0: Ball
1-0: Called Strike
1-1: Called Strike
1-2: Strikes out looking
Batting: LHB Gabriel Estrada 0-0: Called Strike
0-1: Ball
1-1: Fly out, F9 (Flyball, 9D)
Batting: RHB Ryan Fullerton 0-0: DOUBLE (Flyball, 8RD)
Batting: LHB Aaron Aguirre 0-0: Called Strike
0-1: Swinging Strike
0-2: Ball
1-2: Foul Ball, location: 2F
1-2: Strikes out swinging
Top of the 9th over - 0 run(s), 1 hit(s), 0 error(s), 1 left on base; Michigan State 4 - UCLA 3
BOTTOM OF THE 9TH
UCLA Bruins batting - Pitching for Michigan State Spartans : LHP Carlos Martínez
Pitching: LHP Aaron Cole
Now at 3B: Bennett McGee
Batting: RHB Kent Bannatyne 0-0: Foul Ball, location: 2F
0-1: SINGLE (Line Drive, 56)
Batting: LHB Tim Griffith 0-0: Foul Ball, location: 2F
0-1: Sac Bunt - play at first, batter OUT! 1-3
Kent Bannatyne to second
Batting: RHB José Cisneros 0-0: SINGLE (Groundball, 34D)
Kent Bannatyne to third
Runner from 3rd tries for Home, throw and OUT!
José Cisneros to second
Batting: RHB Kevin Cochrane 0-0: Ball
1-0: Ball
2-0: Called Strike
2-1: Foul Ball, location: 2F
2-2: Ball
3-2: Base on Balls
Batting: RHB Joel Hebert 0-0: Called Strike
0-1: SINGLE (Groundball, 56D)
José Cisneros to third
Kevin Cochrane to second
Runner from 3rd tries for Home, SAFE, no throw
Pinch Hitting: RHB José Soto 0-0: Foul Ball, location: 2F
0-1: Fielders Choice at 2nd, 6-4 (Groundball, 6)
Bottom of the 9th over - 1 run(s), 3 hit(s), 0 error(s), 1 left on base; Michigan State 4 - UCLA 4
TOP OF THE 10TH
Michigan State Spartans batting - Pitching for UCLA Bruins : RHP Steve Webb
Now at 1B: José Soto
Batting: RHB Scott Juárez 0-0: Called Strike
0-1: Ball
1-1: Ball
2-1: Foul Ball, location: 2F
2-2: Strikes out looking
Batting: LHB Steve Arnold 0-0: Foul Ball, location: 2F
0-1: Fly out, F9 (Line Drive, 89M)
Batting: RHB Nelson Wright 0-0: Ground out 6-3 (Groundball, 6)
Top of the 10th over - 0 run(s), 0 hit(s), 0 error(s), 0 left on base; Michigan State 4 - UCLA 4
BOTTOM OF THE 10TH
UCLA Bruins batting - Pitching for Michigan State Spartans : LHP Aaron Cole
Batting: RHB Ricardo Murillo 0-0: Ball
1-0: Called Strike
1-1: Called Strike
1-2: Ball
2-2: Strikes out swinging
Batting: RHB Larry Hernández 0-0: Foul Ball, location: 2F
0-1: Ball
1-1: Foul Ball, location: 2F
1-2: Fly out, F7 (Flyball, 7S)
Batting: LHB Edward Norton 0-0: Ball
1-0: Ball
2-0: Foul Ball, location: 2F
2-1: Swinging Strike
2-2: Fly out, F6 (Line Drive, 6)
Bottom of the 10th over - 0 run(s), 0 hit(s), 0 error(s), 0 left on base; Michigan State 4 - UCLA 4
TOP OF THE 11TH
Michigan State Spartans batting - Pitching for UCLA Bruins : RHP Steve Webb
Pitching: RHP Dave Wilson
Batting: SHB Joe Emery 0-0: Ball
1-0: Ball
2-0: Swinging Strike
2-1: Ball
3-1: Base on Balls
Batting: LHB Cliff Mills 0-0: Called Strike
0-1: Ball
Joe Emery is caught stealing 2nd base
1-1: Ball
2-1: Foul Ball, location: 2F
2-2: Strikes out swinging
Batting: RHB Ryan Nelson 0-0: Called Strike
0-1: SINGLE (Groundball, 34D)
Batting: LHB Gabriel Estrada 0-0: Swinging Strike
0-1: Ball
1-1: Ball
2-1: Called Strike
2-2: Foul Ball, location: 2F
2-2: Ball
3-2: Foul Ball, location: 2F
3-2: Foul Ball, location: 2F
3-2: Base on Balls
Ryan Nelson to second
Batting: RHB Bennett McGee 0-0: Foul Ball, location: 2F
0-1: Ball
1-1: Ball
2-1: Fielders Choice at 2nd, 5-4 (Groundball, 56)
Top of the 11th over - 0 run(s), 1 hit(s), 0 error(s), 1 left on base; Michigan State 4 - UCLA 4
BOTTOM OF THE 11TH
UCLA Bruins batting - Pitching for Michigan State Spartans : LHP Aaron Cole
Pitching: RHP Jesús Fabián
Batting: RHB Kent Bannatyne 0-0: Ball
1-0: Ball
2-0: Called Strike
2-1: Foul Ball, location: 2F
2-2: Fly out, F7 (Line Drive, 7)
Batting: LHB Tim Griffith 0-0: SINGLE (Line Drive, 7LM)
Batting: RHB José Cisneros 0-0: Called Strike
0-1: Fly out, F9 (Flyball, 9S)
Batting: RHB Kevin Cochrane 0-0: Ball
Tim Griffith steals 2nd base
1-0: Ball
2-0: Ball
3-0: Called Strike
3-1: SINGLE (Groundball, 4MD)
Tim Griffith to third
Runner from 3rd tries for Home, SAFE, no throw
Thursday, March 30th, 2017 - OOTP Baseball 17.12 Build 75